 Dungeon Crawl Stone Soup version 0.31-a0-672-g7da72447bb (webtiles) character file.

Game seed: 15889947804988476762

179 SmokeWeed the Shooter (level 5, 0/35 HPs)
             Began as an Octopode Hunter on Sept 5, 2023.
             Killed from afar by an orc wizard (8 damage)
             ... with a magic dart
             ... on level 3 of the Dungeon.
             The game lasted 00:08:37 (2425 turns).

SmokeWeed the Shooter (Octopode Hunter)             Turns: 2425, Time: 00:08:37

Health: 0/35       AC:  3    Str: 10    XL:     5   Next: 59%
Magic:  5/5        EV: 13    Int: 11    God:
Gold:   115        SH:  0    Dex: 18    Spells: 4/4 levels left

rFire   . . .        a - +0 shortbow
rCold   . . .        (shield currently unavailable)
rNeg    . . .        i - +2 hat {Stlth+}
rPois   .            g - amulet of reflection
rElec   .            (no ring)
rCorr   .            (no ring)
SInv    .            (no ring)
Will    .....        (no ring)
Stlth   +++          (no ring)
HPRegen 0.25/turn    (no ring)
MPRegen 0.09/turn    (no ring)
                     (no ring)

%: reflection
@: confused
A: almost no armour, amphibious, 8 rings, camouflage 1, gelatinous body 1,
(nimble swimmer 1), tentacles
a: no special abilities


You were on level 3 of the Dungeon.
You visited 1 branch of the dungeon, and saw 4 of its levels.

You collected 115 gold pieces.

Inventory:

Hand Weapons
 a - a +0 shortbow (weapon)
 m - a +2 short sword of freezing
 o - a +2 whip of freezing
Armour
 i - a +2 hat of stealth (worn)
 j - a +0 tower shield
Jewellery
 g - an amulet of reflection (around mantle)
 p - a ring of willpower
Talismans
 l - a flux talisman
Scrolls
 b - a scroll of butterflies
 c - 2 scrolls of identify
 f - a scroll of vulnerability
 k - a scroll of revelation {unknown}
Potions
 d - a potion of lignification
 e - 5 potions of curing
 h - a potion of might {unknown}
 n - a potion of ambrosia


   Skills:
 + Level 2.7 Fighting
 + Level 6.0 Ranged Weapons
 + Level 2.1 Dodging
 + Level 1.6 Stealth
 + Level 1.2 Shields


You had 4 spell levels left.
You didn't know any spells.
Your spell library was empty.

Dungeon Overview and Level Annotations

Branches:
Dungeon (4/15)
 Temple: D:4-7

Altars:

Annotations:
D:2 Jessica, Sigmund


Innate Abilities, Weirdness & Mutations

You cannot wear most types of armour.
You are amphibious.
You can wear up to eight rings at the same time.
Your skin changes colour to match your surroundings (Stealth+).
Your rubbery body absorbs attacks. (AC +1, EV +1)
((You are camouflaged when in or above water. (Stealth+)))
You have tentacles for arms and can constrict up to eight enemies at once.


Message History

You are confused.
Something hits you but does no damage.
You hear some strange, mumbled words.
Something tries to affect you, but you resist.
Something hits you. Something hits you. Something hits you.
You feel less confused. You block something's attack. Something hits you.
You climb upwards.
Reactivating autopickup.
There is a stone staircase leading down here.
Fire: a) +0 shortbow
Press: ? - help, Q - select action Shift-Dir - straight line You shoot an arrow.
You block something's attack.
Deactivating autopickup; reactivate with Ctrl-A.
Fire: a) +0 shortbow
Press: ? - help, Q - select action Shift-Dir - straight line You shoot an arrow.
Something hits you. x2
Fire: a) +0 shortbow
Press: ? - help, Q - select action Shift-Dir - straight line You shoot an arrow.
You hear some strange, mumbled words.
You are confused.
Something hits you. Something hits you but does no damage. Something hits you.
You hear some strange, mumbled words.
You are more confused.
You hear some strange, mumbled words.
A magic dart appears from out of thin air!
The magic dart hits you!
* * * LOW HITPOINT WARNING * * *
You hear some strange, mumbled words.
A magic dart appears from out of thin air!
The magic dart hits you!
You die...

##.###............##........## #
##.........###.##.##.#####...# #
###.......###.##.##.# #.).# #
###.....#.........# #...# #
#.....#.###.#.### #...#
############.###.#.# #...####
...#.......#.#...#.## #.......
.(.........#.....{..######...####
##†#....)..#....@#....[......(...
##<#.............................
#.)#.......##....##..............
#.##.......##..####.#####....#.##
#.##.......##.......# #........
......########[###### #....#.##
...#### #.# #...#..# ......# #.#
#..###.# ...##.########.#
#...#..#


There were no monsters in sight!

Vanquished Creatures
  2 orc priests
  An iguana (D:4)
  An orc wizard (D:3)
  2 adders (D:3)
  2 dart slugs
  4 orcs
  5 endoplasms
  3 giant cockroaches
  5 hobgoblins
  6 kobolds
  A quokka (D:1)
  2 ball pythons
  3 bats (D:3)
  2 frilled lizards
  7 goblins
  5 rats
51 creatures vanquished.

Notes
Turn   | Place    | Note
-------+----------+-------------------------------------------
     0 | D:1      | SmokeWeed the Octopode Hunter began the quest for the Orb.
     0 | D:1      | Reached XP level 1. HP: 14/14 MP: 1/1
    92 | D:1      | Reached XP level 2. HP: 19/19 MP: 2/2
   681 | D:1      | Reached XP level 3. HP: 24/24 MP: 3/3
  1064 | D:2      | Noticed Jessica
  1068 | D:2      | Noticed Sigmund
  1713 | D:3      | Reached skill level 5 in Ranged Weapons
  2057 | D:3      | Reached XP level 4. HP: 30/30 MP: 4/4
  2169 | D:3      | Reached XP level 5. HP: 35/35 MP: 5/5
  2197 | D:3      | Reached skill level 6 in Ranged Weapons
  2404 | D:4      | Reached skill level 1 in Shields
  2425 | D:3      | Killed from afar by an orc wizard

Illustrated notes

Levels and vault maps discovered:
D:1:      wheals_arrival_linesprint, layout_basic
D:2:      minmay_general_purpose_star, layout_loops_corners, uniq_jessica,
          uniq_sigmund
D:3:      layout_loops_cross
D:4:      layout_loops_cross, amcnicky_altar_gilded,
          mainiacjoe_overflow_tiny_flanked, gammafunk_ghost_smash, uniq_grinder

Skill      XL: |  1  2  3  4  5 |
---------------+----------------+-----
Ranged Weapons | 5 6 |  6.0
Shields        | 1 |  1.2
Fighting       | |  2.7
Dodging        | |  2.1
Stealth        | |  1.6

Action                     |  1- 3 |  4- 6 || total
---------------------------+-------+-------++-------
   Fire: Shortbow          |   102 |    48 ||   150
    Use: Scroll            |       |     7 ||     7
 Armour: Skin              |     6 |    17 ||    23
  Dodge: Dodged            |     5 |    12 ||    17
  Block: Other             |       |     5 ||     5

Table legend: (Time is in decaauts)
 A = Elapsed time spent in this place.
 B = Non-inter-level travel time spent in this place.
 C = Inter-level travel time spent in this place.
 D = Time resting spent in this place.
 E = Time spent auto-exploring this place.
 F = Levels seen in this place.
 G = Mean time per level.
                   A        B        C        D        E       F      G
               +--------+--------+--------+--------+--------+-----+--------+
         Total |   2449 |   2299 |    150 |    113 |   1674 |   4 |  612.2 |
       Dungeon |   2449 |   2299 |    150 |    113 |   1674 |   4 |  612.2 |
               +--------+--------+--------+--------+--------+-----+--------+

Top non-repeatable levels by time:
     D:1: 1124 daAuts
     D:3: 686 daAuts
     D:2: 611 daAuts
     D:4: 27 daAuts
